 Dungeon Crawl Stone Soup version 0.21-a0-278-ga722497 (webtiles) character file.

30 prokat the Sneak (level 3, 0/15 HPs)
             Began as a Felid Wanderer on Sept 21, 2017.
             Succumbed to an adder's poison
             ... on level 2 of the Dungeon.
             The game lasted 00:09:30 (1514 turns).

prokat the Sneak (Felid Wanderer)                   Turns: 1514, Time: 00:09:31

Health: 0/15       AC:  1    Str: 10    XL:     3   Next: 5%
Magic:  2/4        EV: 16    Int: 13    God:
Gold:   56         SH:  0    Dex: 14    Spells: 1/2 levels left
                                        Lives:  0   Deaths: 0

rFire    . . .     SeeInvis +     - Unarmed
rCold    . . .     Gourm    .   (shield unavailable)
rNeg     . . .     Faith    .   (armour unavailable)
rPois    .         Spirit   .   (helmet unavailable)
rElec    .         Reflect  .   (cloak unavailable)
rCorr    .         Harm     .   (gloves unavailable)
MR       .....                  (boots unavailable)
Stlth    +++.......             (no amulet)
HPRegen  0.05/turn              (no ring)
MPRegen  0.09/turn              (no ring)

@: lethally poisoned (0 -> -5), quick
A: no armour, no weapons or thrown items, stealth, claws 1, fangs 3, see
invisible, carnivore 3, speed 1, shaggy fur 1, slow metabolism 1, sharp paws
a: no special abilities


You were on level 2 of the Dungeon.
You were completely stuffed.

You visited 1 branch of the dungeon, and saw 2 of its levels.

You collected 56 gold pieces.

Inventory:

Potions
 a - a potion of heal wounds
 b - a potion of berserk rage
 e - a potion of mutation {unknown}
 f - a potion of lignification {unknown}
Books
 c - the Disquisition on Calling

   Spells                             Type                      Level
   a - Summon Small Mammal            Summoning                    1
   b - Recall                         Summoning/Translocation      3
Comestibles
 d - 2 meat rations
 g - 3 chunks of flesh


   Skills:
 + Level 1.1 Fighting
 + Level 1.0 Dodging
 + Level 3.7 Stealth
 + Level 2.6 Unarmed Combat
 * Level 0.3 Spellcasting
   Level 2.4 Charms
 + Level 3.0 Summonings


You had one spell level left.
You knew the following spells:

 Your Spells              Type           Power        Failure   Level  Hunger
a - Summon Small Mammal   Summ           #...         9%          1    ##.....


Dungeon Overview and Level Annotations

Branches:
Dungeon (2/15)

Altars:


Innate Abilities, Weirdness & Mutations

You cannot wear armour.
You are incapable of wielding weapons or throwing items.
Your paws allow you to move quietly. (Stealth)
You have sharp claws.
You have razor-sharp teeth.
You have supernaturally acute eyesight. (SInv)
You are carnivorous and can eat meat at any time.
You cover ground quickly.
You are covered in fur. (AC +1)
You have a slow metabolism.
Your sharp claws are effective at attacking unaware monsters.


Message History

You closely miss the adder. You bite the adder.
The adder is moderately wounded.
Your rat barely misses the adder.
The adder bites you.
You are poisoned.
The adder poisons you!
You closely miss the adder.
The adder is moderately wounded.
You feel sick. The adder bites you.
* * * LOW HITPOINT WARNING * * *
Your rat closely misses the adder.
The adder bites you.
* * * LOW HITPOINT WARNING * * *
You miss the adder.
The adder is moderately wounded.
Your rat bites the adder.
The adder barely misses you.
You closely miss the adder.
The adder is heavily wounded.
Your rat bites the adder.
The adder completely misses you.
You barely miss the adder.
The adder is severely wounded.
You die...

...#. ..... ...#
#..# # #
####..######.#.#
....[..........
#.####..###.......
#...<.รท...@S..#
######..###r..#
#.........#
##.######.# #.# #
..# ###


You could see an adder and a friendly rat.

Vanquished Creatures
  A worm (D:2)
  A dart slug (D:1)
  A leopard gecko (D:1)
  A ball python (D:1)
  4 bats (D:1)
  2 giant cockroaches (D:1)
  A goblin (D:1)
  4 hobgoblins (D:1)
  2 frilled lizards (D:1)
  2 kobolds
  3 rats
22 creatures vanquished.

Vanquished Creatures (collateral kills)
  A goblin (D:1)
  A ball python (D:2)
  A bat (D:2)
  A frilled lizard (D:1)
4 creatures vanquished.

Grand Total: 26 creatures vanquished

Notes
Turn   | Place    | Note
-------+----------+-------------------------------------------
     0 | D:1      | prokat the Felid Wanderer began the quest for the Orb.
     0 | D:1      | prokat set off with: a potion of heal wounds, a potion of berserk rage, the Disquisition on Calling, a meat ration
     0 | D:1      | Reached XP level 1. HP: 9/9 MP: 2/2
     0 | D:1      | Identified the Disquisition on Calling
   550 | D:1      | Reached XP level 2. HP: 12/12 MP: 3/3
  1064 | D:1      | Learned a level 1 spell: Summon Small Mammal
  1445 | D:2      | Reached skill level 1 in Dodging
  1445 | D:2      | Reached XP level 3. HP: 5/15 MP: 2/4
  1514 | D:2      | Succumbed to an adder's poison

Vault maps used:
D:1:      roderic_octagonal_star
D:2:      uniq_sigmund

Skill      XL: |  1  2 |
---------------+-------+-----
Stealth        | 3 |  3.7
Dodging        | 1 |  1.0
Fighting       | |  1.1
Unarmed Combat | |  2.6
Spellcasting   | |  0.3
Charms         | |  2.4
Summonings     | |  3.0

Action                   || total
-------------------------++-------
Melee: Unarmed           ||    69
       Bite              ||     2
 Cast: Summon Small Mamm ||     8
  Use: Scroll            ||     4
 Stab: Sleeping          ||     6
       Distracted        ||     1
  Eat: Chunk             ||     9
Armor: Skin              ||     3
Dodge: Dodged            ||    43

Table legend:
 A = Spawn XP
 B = Non-spawn XP
 C = Spawn XP percentage of total XP
 D = Spawn monster count
 E = Non-spawn monster count
 F = Spawn count percentage of total count
 G = Total turns spent on level
                    A         B        C        D         E        F      G
               +---------+---------+-------+---------+---------+-------+---------
         Total |       0 |      44 |   0.0 |       0 |      26 |   0.0 |  1514
               +---------+---------+-------+---------+---------+-------+---------
           D:1 |       0 |      36 |   0.0 |       0 |      21 |   0.0 |  1417
           D:2 |       0 |       8 |   0.0 |       0 |       5 |   0.0 |    97
               +---------+---------+-------+---------+---------+-------+---------
